Map: Ascension to Aiur LE

Players

Scarlett

  • Race: Zerg Zerg
  • Spawn Location: 11:00

Serral - Winner!

  • Race: Zerg Zerg
  • Spawn Location: 5:00

Event: WCS Jonkoping 2017

VOD

Have the link to the VOD?

Description

Time

  • Played on: June 17, 2017, 2:40 p.m.
  • Length: 9:09

All games in this series

Show
View Real Time Build Order
Export as new Build Order

Scarlett Zerg 

Build Orders: Hatch First 

Get SALT Encoding   

  12  0:00  Drone  
  13  0:12  Overlord  
  13  0:17  Drone  
  14  0:30  Drone x2  
  14  0:35  Drone  
  17  0:50  Hatchery  
  17  0:54  Drone  
  17  0:57  Drone  
  18  1:04  Extractor  
  17  1:12  Spawning Pool  
  17  1:15  Drone  
  17  1:18  Drone  
  18  1:28  Drone  
  19  1:38  Overlord  
  19  1:50  Drone  
  20  1:59  Queen  
  20  2:00  Zergling x2  
  23  2:01  Queen  
  23  2:02  Drone  
  23  2:05  Metabolic Boost  
  26  2:11  Drone  
  27  2:17  Drone  
  28  2:23  Drone  
  29  2:34  Queen  
  29  2:35  Drone  
  29  2:36  Drone x2  
  34  2:47  Hatchery  
  33  2:52  Overlord  
  33  2:54  Drone  
  33  2:56  Drone  
  35  3:01  Zergling x2  
  36  3:11  Zergling x2  
  36  3:12  Zergling x10  
  42  3:22  Roach Warren, Overlord  
  41  3:35  Overlord  
  41  3:36  Drone x3  
  44  3:47  Evolution Chamber  
  43  3:49  Drone  
  43  3:50  Drone x4  
  46  3:59  Drone  
  45  4:10  Roach x5  
  45  4:14  Drone x2  
  45  4:17  Drone x2  
  58  4:20  Zerg Missile Weapons Level 1  
  58  4:24  Roach  
  60  4:28  Roach  
  60  4:30  Extractor  
  61  4:31  Extractor  
  61  4:32  Overlord  
  61  4:33  Roach  
  62  4:40  Roach  
  62  4:41  Roach  
  66  4:57  Overlord  
  66  5:01  Drone  
  66  5:02  Drone x7  
  66  5:03  Overlord  
  74  5:16  Overlord x3  
  74  5:20  Roach  
  74  5:21  Roach x2  
  80  5:27  Overlord  
  80  5:32  Roach  
  80  5:33  Roach x2  
  84  5:37  Roach x2  
  84  5:41  Roach x2  
  92  6:01  Roach x8  
  107  6:09  Zergling x2  
  107  6:10  Zergling x6  
  107  6:17  Zergling x6  
  109  6:26  Zergling x8  
  112  6:44  Ravager x6  
  116  6:53  Zergling x2  
  116  6:54  Zergling x10  
  90  7:15  Roach x2  
  80  7:16  Roach x7  
  88  7:25  Queen x2  
  88  7:28  Ravager, Zergling x2  
  88  7:29  Zergling x14  
  99  7:36  Zergling x2  
  100  7:39  Overlord  
  99  7:47  Zergling x2  
  99  7:48  Zergling x6  
  100  8:02  Roach  
  100  8:03  Roach  
  101  8:07  Ravager x4  
  101  8:08  Roach x2  
  101  8:12  Zergling x4  
  107  8:16  Hatchery  
  107  8:17  Zergling x4  
  107  8:18  Zergling x2  
  109  8:24  Ravager x2, Zergling x4  
  113  8:29  Ravager x2  
  110  8:42  Zergling x2  
  110  8:43  Zergling x14  
Show
View Real Time Build Order
Export as new Build Order

Serral Zerg - Winner!

Build Orders: Hatch First 

Get SALT Encoding   

  12  0:00  Drone  
  13  0:12  Overlord  
  13  0:17  Drone  
  14  0:31  Drone x2  
  14  0:34  Drone  
  17  0:52  Hatchery  
  17  0:55  Drone  
  17  0:58  Drone  
  18  1:08  Extractor  
  17  1:12  Spawning Pool  
  17  1:16  Drone  
  17  1:19  Drone  
  18  1:28  Drone  
  19  1:38  Overlord  
  19  1:58  Queen  
  19  1:59  Zergling x2  
  19  2:00  Zergling x2  
  23  2:03  Queen  
  23  2:04  Zergling x2  
  23  2:07  Metabolic Boost  
  26  2:11  Drone  
  26  2:14  Drone  
  28  2:25  Drone  
  28  2:26  Drone  
  28  2:28  Baneling Nest  
  29  2:32  Drone  
  30  2:38  Drone  
  31  2:49  Hatchery  
  30  2:54  Overlord  
  30  2:56  Zergling x2  
  31  2:59  Drone  
  31  3:02  Drone  
  31  3:04  Drone  
  34  3:09  Drone  
  34  3:10  Drone  
  36  3:13  Drone  
  36  3:15  Drone  
  36  3:17  Drone  
  36  3:19  Drone  
  40  3:22  Drone  
  40  3:26  Baneling x2  
  41  3:31  Overlord  
  41  3:32  Drone x2  
  43  3:41  Overlord  
  43  3:48  Zergling x2  
  44  3:49  Queen, Zergling x6  
  48  3:55  Zergling x2  
  48  3:56  Zergling x6  
  48  4:00  Zergling x2  
  48  4:02  Zergling x2  
  53  4:16  Zergling x6  
  54  4:18  Overlord  
  54  4:20  Extractor, Drone x3, Overlord  
  56  4:24  Roach Warren  
  56  4:31  Baneling  
  55  4:34  Overlord  
  55  4:35  Drone x3  
  58  4:48  Drone x3  
  58  4:49  Extractor, Overlord x2  
  59  5:06  Roach x7  
  73  5:14  Roach x2  
  77  5:23  Roach  
  77  5:24  Roach x4  
  87  5:30  Roach x2  
  87  5:31  Roach  
  93  5:38  Roach x2  
  93  5:39  Roach  
  99  5:46  Ravager, Overlord x2  
  100  5:57  Zergling x12  
  100  6:04  Drone x2  
  105  6:09  Drone x2  
  102  6:13  Evolution Chamber, Ravager x3  
  100  6:19  Roach x3  
  100  6:20  Roach x2  
  110  6:26  Spine Crawler  
  110  6:28  Roach  
  110  6:29  Roach  
  115  6:33  Roach x2  
  115  6:38  Roach x2  
  121  6:44  Zergling x2  
  121  6:46  Overlord  
  122  6:47  Overlord  
  122  6:52  Overlord  
  116  7:05  Zergling x22  
  116  7:06  Zergling x2  
  107  7:13  Roach x2  
  99  7:20  Drone x3  
  92  7:25  Roach x3  
  98  7:31  Roach x2  
  102  7:37  Lair  
  102  7:43  Overlord  
  102  7:46  Roach x4  
  110  7:54  Ravager  
  110  7:56  Roach x2  
  110  7:57  Roach x2  
  116  8:06  Zergling x2  
  116  8:07  Zergling x10  
  116  8:10  Overlord  
  122  8:15  Zergling x10  
  122  8:17  Baneling  
  127  8:21  Overlord  
  127  8:24  Overlord  
  126  8:30  Ravager x2, Baneling  
  126  8:31  Baneling  
  126  8:32  Zergling x2  
  126  8:33  Zergling x6  
  131  8:35  Overlord  
  131  8:41  Baneling  
  131  8:46  Overlord  
Tags
 
Add a new tag
Caveats
  • Supply blocks, unpowered buildings, or Contaminate may cause inaccurate times.
  • Supply counts are checked every 10 seconds.